 Dungeon Crawl Stone Soup version 0.21-a0-29-g43b3074 (webtiles) character file.

70 blackwizard the Caller (level 4, -6/40 HPs)
             Began as a Troll Summoner on May 26, 2017.
             Mangled by a chaos spawn (15 damage)
             ... summoned by miscasting Summon Guardian Golem
             ... on level 3 of the Dungeon.
             The game lasted 00:14:32 (2384 turns).

blackwizard the Caller (Troll Summoner)             Turns: 2384, Time: 00:14:36

Health: -6/40      AC:  5    Str: 17    XL:     4   Next: 3%
Magic:  1/5        EV:  7    Int: 11    God:
Gold:   93         SH:  6    Dex: 10    Spells: 1/5 levels left

rFire    . . .     SeeInvis .   k - +0 club
rCold    . . .     Gourm    +   x - +0 shield
rNeg     . . .     Faith    .   a - +0 robe
rPois    .         Spirit   .   (helmet restricted)
rElec    .         Reflect  .   (no cloak)
rCorr    .         Harm     .   (gloves unavailable)
MR       .....                  (boots unavailable)
Stlth    +.........             (no amulet)
Regen    0.6/turn               (no ring)
MPRegen  0.1/turn               (no ring)

@: lethally poisoned (-6 -> -7), very slightly contaminated
A: unfitting armour, claws 3, fast metabolism 3, gourmand, regeneration 1,
shaggy fur 1, tough skin 2
a: no special abilities


You were on level 3 of the Dungeon.
You were not hungry.

You visited 1 branch of the dungeon, and saw 3 of its levels.

You collected 93 gold pieces.

Inventory:

Hand Weapons
 k - a +0 club (weapon)
 q - a +0 whip
 w - a +0 club
Missiles
 h - 93 stones (quivered)
 j - 38 arrows
 C - 5 tomahawks
Armour
 a - a +0 robe (worn)
 g - a +0 robe
 i - a +0 naga barding
 x - a +0 shield (worn)
Scrolls
 c - a scroll of remove curse {unknown}
 d - a scroll of random uselessness {unknown}
 o - a scroll of immolation {unknown}
 p - 2 scrolls of amnesia {unknown}
 r - a scroll of fear {unknown}
 s - 3 scrolls of identify {unknown}
 v - 2 scrolls of noise {unknown}
 y - a scroll of teleportation {unknown}
 B - a scroll of enchant weapon {unknown}
Potions
 e - a potion of agility {unknown}
 f - a potion of haste {unknown}
 m - a potion of cancellation {unknown}
 n - a potion of invisibility {unknown}
 u - a potion of magic {unknown}
 z - 3 potions of flight {unknown}
Books
 b - a book of Callings

   Spells                             Type                      Level
   a - Summon Small Mammal            Summoning                    1
   b - Call Imp                       Summoning                    2
   c - Call Canine Familiar           Summoning                    3
   d - Summon Guardian Golem          Hexes/Summoning              3
   e - Summon Lightning Spire         Summoning/Air                4
   f - Summon Ice Beast               Ice/Summoning                4
Comestibles
 t - a bread ration
 A - 3 royal jellies


   Skills:
 + Level 0.8 Fighting
 + Level 1.0 Maces & Flails
 + Level 2.3 Dodging
 + Level 1.1 Stealth
 + Level 0.4 Shields
 + Level 0.2 Unarmed Combat
 + Level 1.3 Spellcasting
 + Level 3.2 Summonings


You had one spell level left.
You knew the following spells:

 Your Spells              Type           Power        Failure   Level  Hunger
a - Summon Small Mammal   Summ           #...         45%         1    ##.....
b - Summon Guardian Gole  Hex/Summ       #.......     97%         3    ####...


Dungeon Overview and Level Annotations

Branches:
Dungeon (3/15)

Altars:
Gozag
Nemelex Xobeh


Innate Abilities, Weirdness & Mutations

You are too large for most types of armour.
You have claws for hands.
Your metabolism is lightning-fast.
You like to eat raw meat.
Your natural rate of healing is unusually fast.
You are covered in fur. (AC +1)
You have very tough skin. (AC +2)


Message History

Something turns its malign attention towards you...
The kobold hits you but does no damage.
You are poisoned.
You hit the kobold.
The kobold is moderately wounded.
You feel sick. You block the bat's attack. You block the kobold's attack.
The kobold barely misses you.
You hit the kobold but do no damage.
The kobold is moderately wounded.
You feel sick. The hellwing hits you! The hellwing completely misses you.
The chaos spawn hits you! The bat barely misses you.
You block the kobold's attack.
You closely miss the kobold.
The kobold is moderately wounded.
You feel sick. The bat completely misses you.
The hellwing completely misses you. You block the hellwing's attack.
The chaos spawn hits you!
* * * LOW HITPOINT WARNING * * *
The chaos spawn freezes you!
You die...

#.#
#.#
#.#
#.#
#.#
#.#
#<# #
##K#.#
#.@4.#
#.4###
#.b#
#...
#.##
#. #.
#.


You could see a hellwing, a chaos spawn, a bat and a kobold.

Vanquished Creatures
  2 adders (D:2)
  A dart slug (D:1)
  2 leopard geckos
  5 bats
  2 giant cockroaches (D:1)
  6 hobgoblins
  3 jackals (D:1)
  8 kobolds
  2 ball pythons
  4 goblins
  8 rats
  A plant (D:1)
44 creatures vanquished.

Vanquished Creatures (collateral kills)
  A hobgoblin (D:1)
  A ball python (D:1)
  A frilled lizard (D:1)
  A kobold (D:2)
4 creatures vanquished.

Grand Total: 48 creatures vanquished

Notes
Turn   | Place    | Note
-------+----------+-------------------------------------------
     0 | D:1      | blackwizard the Troll Summoner began the quest for the Orb.
     0 | D:1      | Reached XP level 1. HP: 16/16 MP: 1/1
    69 | D:1      | Reached skill level 3 in Summonings
   382 | D:1      | Reached XP level 2. HP: 14/24 MP: 2/2
   770 | D:1      | Paralysed by fainting for 11 turns
   792 | D:1      | Paralysed by fainting for 11 turns
   902 | D:1      | Reached XP level 3. HP: 26/31 MP: 2/4
  1189 | D:2      | Paralysed by fainting for 9 turns
  1201 | D:2      | Paralysed by fainting for 6 turns
  1219 | D:2      | Paralysed by fainting for 11 turns
  1247 | D:2      | Learned a level 3 spell: Summon Guardian Golem
  1541 | D:2      | Found an opulent altar of Gozag.
  1541 | D:2      | Found a sparkling altar of Nemelex Xobeh.
  1676 | D:2      | Paralysed by fainting for 10 turns
  1699 | D:2      | Reached skill level 1 in Maces & Flails
  2018 | D:2      | Reached XP level 4. HP: 40/40 MP: 1/5
  2133 | D:2      | Paralysed by fainting for 7 turns
  2381 | D:3      | Noticed a chaos spawn
  2381 | D:3      | Noticed a hellwing
  2384 | D:3      | Mangled by a chaos spawn

Vault maps used:
D:1:      dpeg_arrival_lava_temple_mockup, serial_bayou_pond_c,
          minmay_misc_feat_chi
D:2:      minmay_kobold_bridge, grunt_temple_overflow_opulence,
          hangedman_abyss_or_decor_stabs, st_stairs_13
D:3:      marbit_many_paths, nicolae_ru_great_annihilating_truth, uniq_natasha

Skill      XL: |  1  2  3 |
---------------+----------+-----
Summonings     | 3 |  3.2
Maces & Flails | 1 |  1.0
Dodging        | 2 |  2.3
Fighting       | |  0.8
Stealth        | |  1.1
Shields        | |  0.4
Unarmed Combat | |  0.2
Spellcasting   | |  1.3

Action                   |  1- 3 |  4- 6 || total
-------------------------+-------+-------++-------
Melee: Unarmed           |    67 |       ||    67
       Club              |   219 |     4 ||   223
 Cast: Summon Small Mamm |    13 |       ||    13
  Eat: Chunk             |     2 |       ||     2
       Bread ration      |     2 |       ||     2
       Meat ration       |     1 |     1 ||     2
Armor: Robe              |   289 |     1 ||   290
Dodge: Dodged            |   231 |     5 ||   236
Block: Shield            |    74 |     4 ||    78
